 Dungeon Crawl Stone Soup version 0.29.1-2-gbd0b4ee654 (webtiles) character file.

Game seed: 4084443607495730482

156 gregunderscorem the Sneak (level 5, -4/31 HPs)
             Began as an Octopode Enchanter on Nov 18, 2022.
             Slain by Ijyb
             ... wielding a +0 dagger
              (5 damage)
             ... on level 4 of the Dungeon.
             The game lasted 00:06:19 (3397 turns).

gregunderscorem the Sneak (Octopode Enchanter)      Turns: 3397, Time: 00:06:20

Health: -4/31      AC:  1    Str:  8    XL:     5   Next: 37%
Magic:  6/8        EV: 13    Int: 17    God:
Gold:   71         SH:  4    Dex: 14    Spells: 1/9 levels left

rFire   . . .      SeeInvis .   e - +4 short sword
rCold   . . .      Faith    .   l - +0 buckler
rNeg    + . .      Spirit   .   (helmet restricted)
rPois   .          Reflect  .   (no amulet)
rElec   .          Harm     .   f - ring of resist corrosion
rCorr   +          Rampage  .   c - ring of positive energy
Will    .....                   (no ring)
Stlth   ++++......              (no ring)
HPRegen 0.10/turn               (no ring)
MPRegen 0.11/turn               (no ring)
                                (no ring)
                                (no ring)

@: invisible
A: almost no armour, amphibious, 8 rings, camouflage 1, gelatinous body 1,
(nimble swimmer 1), tentacles
a: no special abilities


You were on level 4 of the Dungeon.
You visited 1 branch of the dungeon, and saw 4 of its levels.

You collected 200 gold pieces.
You spent 129 gold pieces at shops.

Inventory:

Hand Weapons
 a - a +1 dagger
 e - a +4 short sword (weapon)
Armour
 i - a +0 tower shield
 l - a +0 buckler (worn)
Jewellery
 c - a ring of positive energy (right tentacle)
 f - a ring of resist corrosion (left tentacle)
Scrolls
 d - 3 scrolls of identify {unknown}
 g - 2 scrolls of silence
 j - a scroll of amnesia
 k - 2 scrolls of teleportation
 n - a scroll of enchant weapon
Potions
 b - a potion of invisibility
 h - a potion of haste


   Skills:
 + Level 2.6 Short Blades
 - Level 2.5 Dodging
 - Level 4.7 Stealth
 + Level 1.3 Shields
 - Level 2.5 Spellcasting
 + Level 3.9 Hexes


You had one spell level left.
You knew the following spells:

 Your Spells              Type           Power      Damage    Failure   Level
a - Ensorcelled Hibernat  Hex/Ice        16%        N/A       16%         2
b - Tukima's Dance        Hex            15%        N/A       14%         3
c - Confusing Touch       Hex            15%        N/A       14%         3

Your spell library contained the following spells:

 Spells                   Type           Power      Damage    Failure   Level
 Dazzling Flash           Conj/Hex       16%        N/A       32%         3
 Ignite Poison            Fire/Tmut/Pois 2%         N/A       58%         3
 Mephitic Cloud           Conj/Pois/Air  2%         N/A       58%         3
 Passage of Golubria      Tloc           2%         N/A       94%         4
 Silence                  Hex/Air        4%         N/A       96%         5
 Summon Mana Viper        Hex/Summ       8%         N/A       96%         5
 Freezing Cloud           Conj/Ice/Air   1%         6-21      100%        5
 Summon Forest            Summ/Tloc      1%         N/A       100%        5
 Summon Cactus Giant      Summ           1%         N/A       100%        6
 Lehudib's Crystal Spear  Conj/Erth      1%         10d2      100%        8


Dungeon Overview and Level Annotations

Branches:
Dungeon (4/15)
 Temple: D:4-7

Altars:
Cheibriados
Makhleb

Shops:
D:1 [   D:3 ?

Annotations:
D:4 Ijyb


Innate Abilities, Weirdness & Mutations

You cannot wear most types of armour.
You are amphibious.
You can wear up to eight rings at the same time.
Your skin changes colour to match your surroundings (Stealth+).
Your rubbery body absorbs attacks. (AC +1, EV +1)
((You are camouflaged when in or above water. (Stealth+)))
You have tentacles for arms and can constrict up to eight enemies at once.


Message History

You hit the adder.
The adder is almost dead.
You constrict the adder.
You kill the adder!
You feel very sick.
Ijyb looks drowsy...
You feel sick.
You feel sick.
The helpless Ijyb fails to defend herself.
You puncture Ijyb! You grab Ijyb.
Ijyb is heavily wounded.
You constrict Ijyb.
You feel sick.
Ijyb drinks a potion.
Ijyb is healed!
You hit Ijyb.
Ijyb is moderately wounded.
You constrict Ijyb, but do no damage.
You feel sick.
You hit Ijyb but do no damage. Your squeeze misses Ijyb.
Ijyb is moderately wounded.
You constrict Ijyb, but do no damage.
You feel sick. Ijyb barely misses you.
You hit Ijyb. Your squeeze misses Ijyb.
Ijyb is moderately wounded.
You constrict Ijyb.
You feel sick. Ijyb hits you with a +0 dagger.
* * * LOW HITPOINT WARNING * * *
The kobold barely misses you.
You fade into invisibility!
You constrict Ijyb.
You feel sick.
Ijyb zaps a wand.
The bolt of acid misses you. The kobold hits you with a +0 club.
* * * LOW HITPOINT WARNING * * *
You barely miss Ijyb.
Ijyb is heavily wounded.
You constrict Ijyb.
You feel sick.
You are no longer poisoned.
Ijyb misses you. The kobold hits you with a +0 club.
* * * LOW HITPOINT WARNING * * *
Ijyb hits you with a +0 dagger.
You die...

#...<.l#
#.##.....##
#..........
#..K.....#...
#.##.##.$...##
#.##........#
#.##....#.. # ..
#### #.##K......g
..
..#######.)@g...#
#.
#.#.......#######
#.##.#.#####.## .
#......#####..#
.# #..........#.#
..##.......##.#.#
...........##.#.#
###..(.....##.#.#
#...†....##.#.#


You could see Ijyb (unable to see you) and a kobold (unable to see you).

Vanquished Creatures
  A hound (D:3)
  Jessica (D:3)
  An adder (D:4)
  2 worms (D:2)
  A dart slug (D:1)
  An orc (D:4)
  6 bats
  9 endoplasms
  2 giant cockroaches
  9 hobgoblins
  4 jackals (D:2)
  7 kobolds
  5 quokkas
  4 ball pythons
  4 frilled lizards
  10 goblins
  6 rats
73 creatures vanquished.

Notes
Turn   | Place    | Note
-------+----------+-------------------------------------------
     0 | D:1      | gregunderscorem the Octopode Enchanter began the quest for
                  | the Orb.
     0 | D:1      | Reached XP level 1. HP: 11/11 MP: 3/3
   144 | D:1      | Reached XP level 2. HP: 17/17 MP: 5/5
   592 | D:1      | Found Upsyatos's Armour Shop.
   599 | D:1      | Reached XP level 3. HP: 21/21 MP: 6/6
   607 | D:1      | Bought a +0 tower shield for 54 gold pieces
  1541 | D:2      | Learned a level 2 spell: Ensorcelled Hibernation
  1545 | D:2      | Learned a level 3 spell: Tukima's Dance
  1837 | D:2      | Reached XP level 4. HP: 27/27 MP: 7/7
  2609 | D:3      | Found a snail-covered altar of Cheibriados.
  2636 | D:3      | Learned a level 3 spell: Confusing Touch
  3003 | D:3      | Found Xamaj's Magic Scroll Shop.
  3011 | D:3      | Bought a scroll of enchant weapon for 75 gold pieces
  3071 | D:3      | Noticed Jessica
  3078 | D:3      | Killed Jessica
  3079 | D:3      | Reached skill level 1 in Shields
  3079 | D:3      | Reached XP level 5. HP: 31/31 MP: 8/8
  3163 | D:3      | Found a burning altar of Makhleb.
  3258 | D:4      | Noticed Ijyb
  3397 | D:4      | HP: 1/31 [kobold/+0 club (4)]
  3397 | D:4      | Slain by Ijyb

Illustrated notes

Levels and vault maps discovered:
D:1:      dpeg_arrival_rhombus, layout_basic, serial_shops, nicolae_square_shop,
          minmay_close_crescents
D:2:      layout_basic, serial_rivers, chequers_serial_rivers_room_a,
          chequers_serial_rivers_large_a, chequers_serial_rivers_micro_e,
          chequers_serial_rivers_small_3, chequers_serial_rivers_small_b
D:3:      layout_basic, mainiacjoe_overflow_alcove_4, mainiacjoe_overflow_paths,
          serial_curves, eino_curves_01, eino_curves_02, serial_shops, shop,
          kennysheep_pointless_box, uniq_jessica
D:4:      layout_loops_cross, gammafunk_temple_overflow_claw, uniq_ijyb

Skill      XL: |  1  2  3  4 |
---------------+-------------+-----
Short Blades   | 2 |  2.6
Shields        | 1 |  1.3
Dodging        | |  2.5
Stealth        | |  4.7
Spellcasting   | |  2.5
Hexes          | |  3.9

Action                   |  1- 3 |  4- 6 || total
-------------------------+-------+-------++-------
Melee: Dagger            |    14 |       ||    14
       Constrict         |    12 |    12 ||    24
       Tentacles         |     5 |     9 ||    14
       Short sword       |    73 |    50 ||   123
 Cast: Ensorcelled Hiber |       |     1 ||     1
  Use: Potion            |     3 |     2 ||     5
       Scroll            |     2 |     3 ||     5
 Stab: Sleeping          |    23 |     7 ||    30
Armor: Skin              |     9 |       ||     9
Dodge: Dodged            |    47 |    19 ||    66
Block: Buckler           |       |     4 ||     4
